Map: Cerulean Fall LE

Players

DonRippe

  • Race: Terran Terran
  • League: Gold
  • Spawn Location: 7:00

Yocto - Winner!

  • Race: Zerg Zerg
  • Spawn Location: 1:00

VOD

Have the link to the VOD?

Description

Time

  • Played on: Dec. 12, 2018, 2:29 a.m.
  • Length: 10:44
Show
View Real Time Build Order
Export as new Build Order

DonRippe Terran 

Build Orders: Liberator Opening, Mech 

Get SALT Encoding   

  12  0:00  SCV  
  13  0:16  Supply Depot  
  13  0:18  SCV  
  14  0:30  SCV  
  15  0:41  Barracks  
  15  0:42  SCV  
  16  0:52  Refinery  
  16  0:54  SCV  
  17  1:06  SCV  
  18  1:18  SCV  
  19  1:30  SCV  
  19  1:31  Supply Depot  
  20  1:43  SCV  
  20  1:45  Refinery  
  21  1:55  SCV  
  21  1:57  Factory  
  22  2:08  Orbital Command  
  22  2:15  Barracks Reactor  
  22  2:28  Command Center  
  22  2:34  SCV  
  23  2:43  Starport  
  23  2:59  Barracks Tech Lab  
  23  3:03  SCV  
  24  3:15  SCV, Hellion x2  
  29  3:22  Liberator  
  29  3:27  Supply Depot  
  32  3:43  SCV  
  32  3:44  SCV  
  32  3:48  Hellion x2  
  38  3:54  Supply Depot  
  38  3:55  SCV  
  38  3:56  SCV  
  40  4:08  SCV x2  
  40  4:09  Hellion x2  
  46  4:20  Supply Depot  
  46  4:21  SCV x2  
  48  4:33  SCV x2  
  54  4:45  Hellion x2  
  54  4:56  SCV x2  
  56  5:02  Refinery  
  56  5:04  Refinery  
  56  5:06  Supply Depot  
  56  5:08  SCV x2  
  56  5:20  SCV  
  56  5:21  SCV  
  48  5:38  Hellion x2  
  52  5:55  Orbital Command  
  52  6:00  Hellion x2  
  52  6:01  SCV  
  57  6:04  Supply Depot  
  57  6:13  SCV  
  57  6:16  Factory  
  57  6:17  Factory  
  58  6:25  Engineering Bay  
  58  6:28  Armory  
  58  6:30  Armory  
  58  6:32  Hellion x2  
  62  6:48  Banshee  
  65  6:55  Cloaking Field  
  65  6:56  Supply Depot  
  65  7:00  Factory Tech Lab  
  65  7:01  Factory Tech Lab  
  65  7:14  Sensor Tower  
  65  7:21  Missile Turret  
  65  7:26  Hellion x2  
  69  7:31  Banshee  
  69  7:33  Siege Tank x2  
  78  7:37  SCV  
  78  7:38  SCV  
  78  7:42  Hellion x2  
  80  7:44  Missile Turret  
  80  7:45  Command Center  
  80  7:47  Hellbat x2  
  80  7:49  SCV  
  80  7:50  SCV  
  80  7:51  Supply Depot  
  86  7:52  Terran Vehicle And Ship Armor Level 1  
  86  7:53  Terran Vehicle Weapons Level 1  
  89  8:05  Siege Tank x2  
  92  8:21  Supply Depot  
  86  8:39  Thor x2  
  89  8:49  Missile Turret  
  89  8:50  Missile Turret  
  89  8:51  Missile Turret x2  
  89  8:52  Missile Turret  
  83  8:57  Missile Turret x2  
  83  8:59  Missile Turret  
  49  9:34  Hellbat x2  
  49  9:37  Banshee  
  56  9:43  Hellbat x2  
  60  9:55  Hellbat x2  
  64  10:00  Missile Turret  
  64  10:04  Hellbat, Missile Turret  
  66  10:08  Missile Turret  
  66  10:16  Hellbat  
Show
View Real Time Build Order
Export as new Build Order

Yocto Zerg - Winner!

Build Orders: Hatch First, Muta Ling Bane 

Get SALT Encoding   

  12  0:01  Drone  
  13  0:15  Overlord  
  13  0:18  Drone  
  14  0:36  Drone  
  14  0:37  Drone  
  14  0:39  Drone  
  17  0:57  Hatchery  
  17  1:00  Drone  
  17  1:04  Extractor  
  17  1:07  Drone  
  17  1:22  Spawning Pool  
  17  1:25  Drone  
  17  1:31  Drone  
  18  1:38  Drone  
  19  1:48  Overlord  
  19  1:59  Drone  
  20  2:13  Zergling x4  
  22  2:17  Queen  
  24  2:23  Queen  
  24  2:24  Metabolic Boost  
  24  2:27  Drone x2  
  28  2:37  Drone x2  
  30  2:56  Hatchery  
  29  3:03  Queen  
  31  3:10  Queen  
  33  3:22  Overlord  
  33  3:25  Drone x2  
  33  3:26  Drone  
  36  3:33  Overlord  
  36  3:44  Drone x3  
  36  3:45  Drone x3  
  42  4:00  Overlord  
  42  4:03  Drone x4  
  46  4:11  Drone x3  
  49  4:21  Zergling x14  
  56  4:25  Extractor  
  56  4:30  Queen  
  57  4:32  Baneling Nest  
  57  4:35  Drone  
  56  4:49  Zergling x8  
  56  4:50  Drone  
  56  4:51  Drone  
  62  5:05  Lair  
  58  5:33  Extractor, Drone x2  
  58  5:35  Drone x4  
  56  5:51  Overlord  
  56  5:52  Overlord x2  
  56  5:54  Drone x2  
  56  5:55  Drone x5  
  63  6:00  Queen  
  65  6:06  Evolution Chamber  
  64  6:17  Extractor  
  63  6:20  Drone x2  
  63  6:21  Spire  
  63  6:23  Centrifical Hooks  
  63  6:25  Drone x3  
  66  6:31  Baneling x4  
  67  6:33  Zerg Melee Weapons Level 1  
  67  6:36  Drone x7  
  74  6:44  Drone x2  
  74  6:45  Drone x5  
  81  6:54  Overlord x4  
  81  7:07  Extractor  
  80  7:08  Spore Crawler  
  79  7:19  Zergling x6  
  79  7:20  Zergling x12  
  86  7:22  Baneling  
  86  7:23  Baneling x2  
  86  7:25  Baneling x3  
  86  7:33  Mutalisk  
  86  7:34  Mutalisk x6  
  86  7:35  Mutalisk  
  102  7:49  Drone  
  102  7:50  Drone x2  
  105  7:54  Drone x3  
  105  7:55  Extractor  
  105  7:57  Drone  
  105  7:58  Drone x3  
  111  7:59  Drone  
  112  8:11  Infestation Pit  
  112  8:12  Zergling x16  
  119  8:13  Zergling x2  
  119  8:15  Hatchery  
  119  8:23  Evolution Chamber  
  118  8:39  Roach Warren  
  117  8:53  Overlord x4  
  117  8:58  Mutalisk x2  
  118  9:39  Zergling x10  
  118  9:40  Zergling x18  
  118  9:44  Baneling x6  
  118  9:45  Baneling x28  
  132  9:46  Baneling x12  
  132  9:49  Mutalisk x4  
  140  9:56  Queen  
Tags
 
Add a new tag
Caveats
  • Supply blocks, unpowered buildings, or Contaminate may cause inaccurate times.
  • Supply counts are checked every 10 seconds.